[Event "Titled Tuesday Blitz July 4 Late 2023"]
[White "Poeta, Caio Medeiros"]
[Black "Dylag, Emilia"]
[WhiteFideId "2142660"]
[BlackFideId "21805172"]
[WhiteElo "2517"]
[BlackElo "2309"]
[Result "0-1"]
[Round "3"]
[TimeControl "180+2"]
[Date "2023.07.04"]
[WhiteClock "0:00:00"]
[BlackClock "0:00:08"]
[Board "124"]

1. d4 Nf6 2. c4 e6 3. g3 d5 4. Nf3 dxc4 5. Bg2 Bb4+ 6. Bd2 a5 7. O-O O-O 8. a4 c5 9. dxc5 Bxc5 10. Qc2 b6 11. Rd1 Qe7 12. Ne5 Ra7 13. Nxc4 Ba6 14. Qb3 Nd5 15. Nc3 Nc6 16. e3 Ncb4 17. Ne4 Rb7 18. Rac1 Rc8 19. Bxb4 Bxb4 20. Ne5 Rbc7 21. Rxc7 Qxc7 22. Nf3 Be2 23. Rf1 Bxf1 24. Bxf1 Qc2 25. Qxc2 Rxc2 26. b3 Rb2 27. Nd4 Bc5 28. Nxc5 bxc5 29. Nc6 Rxb3 30. Nxa5 Ra3 31. Bb5 Nb6 32. Nb7 c4 33. a5 c3 34. axb6 c2 35. Nd6 c1=Q+ 36. Kg2 Qc5 37. b7 Qxd6 38. Bc6 Qxc6+ 39. Kh3 Qxb7 0-1


[Site "https://www.chess.com"]

[Event "Titled Tuesday Blitz July 4 Late 2023"]
[White "Gerbelli Neto, Eduardo"]
[Black "Camacho Collados, Marcos"]
[WhiteFideId "2103281"]
[BlackFideId "2266237"]
[WhiteElo "2306"]
[BlackElo "2516"]
[Result "0-1"]
[Round "3"]
[TimeControl "180+2"]
[Date "2023.07.04"]
[WhiteClock "0:00:00"]
[BlackClock "0:00:08"]
[Board "125"]

1. e4 g6 2. Nc3 Bg7 3. f4 a6 4. Nf3 b5 5. d4 Bb7 6. Bd3 b4 7. Ne2 d6 8. c3 a5 9. O-O Nd7 10. Qb3 c5 11. a4 Ngf6 12. f5 O-O 13. fxg6 hxg6 14. Ng3 Rc8 15. Qd1 Qb6 16. Kh1 e5 17. d5 c4 18. Be2 Nc5 19. Ng5 Nb3 20. Rb1 Nxc1 21. Qxc1 Bh6 22. Rxf6 Kg7 23. Rf3 Rce8 24. Qd2 f6 25. Rbf1 Bxg5 26. Qe1 Rh8 27. Bxc4 bxc3 28. bxc3 Bf4 29. Bb5 Rc8 30. h3 Rh6 31. Ne2 Bg5 32. Qg3 Rch8 33. Qg4 Bc8 34. Bd7 Rh4 35. Qe6 Bxd7 36. Qxd7+ Kh6 37. Ng3 Rh7 38. Qe6 Qd8 39. Ne2 Re7 40. Rxf6 Rxe6 41. Rxe6 Rxe4 42. Ng3 Rf4 43. Re1 Qf8 44. Ne4 Bh4 45. Rg1 Rxe4 0-1


[Site "https://www.chess.com"]

[Event "Titled Tuesday Blitz July 4 Late 2023"]
[White "lagarto93"]
[Black "Cluke86"]
[WhiteElo "2516"]
[BlackElo "2304"]
[Result "0-1"]
[Round "3"]
[TimeControl "180+2"]
[Date "2023.07.04"]
[WhiteClock "0:00:16"]
[BlackClock "0:00:11"]
[Board "126"]

1. d4 d6 2. c4 e5 3. e3 f5 4. Nc3 Be7 5. Bd3 e4 6. Bc2 Nf6 7. Nge2 c6 8. Bb3 O-O 9. f3 exf3 10. gxf3 Be6 11. d5 cxd5 12. cxd5 Bf7 13. O-O Nbd7 14. Kh1 Ne5 15. Nd4 g6 16. Rg1 Kh8 17. Bd2 Nfd7 18. Ne6 Bxe6 19. dxe6 Nc5 20. Nd5 Nxe6 21. Bc3 f4 22. Nxe7 Qxe7 23. Qd5 Nc5 24. exf4 Rxf4 25. Rae1 Nxb3 26. Rxe5 dxe5 27. Bxe5+ Rf6 28. axb3 Rf8 29. Rc1 Qf7 30. Qd4 Kg8 31. Rc7 Qxb3 32. Bxf6 Qxf3+ 33. Kg1 Qxf6 34. Qxf6 Rxf6 35. Rxb7 Rb6 36. Rxa7 Rxb2 37. Kh1 h5 38. Kg1 Rc2 39. Rd7 Re2 40. Rb7 Re6 41. Rc7 Rf6 42. Rb7 Rf7 43. Rb6 Kg7 44. Kg2 Kh6 45. h4 Rf4 46. Kg3 Rg4+ 47. Kh3 Rf4 48. Kg3 Rg4+ 49. Kh3 Rc4 50. Kg3 Ra4 51. Rc6 Kg7 52. Rb6 Kh6 53. Rc6 Rg4+ 54. Kh3 Rb4 55. Kg3 Rb3+ 56. Kf4 Rh3 57. Ke5 Rxh4 58. Rc8 Rg4 59. Kf6 Rf4+ 60. Ke5 Rf5+ 61. Ke4 h4 62. Rc7 Kg5 63. Rh7 Kg4 64. Ke3 h3 0-1


[Site "https://www.chess.com"]

[Event "Titled Tuesday Blitz July 4 Late 2023"]
[White "Spichkin, Alexander"]
[Black "Novik, Maxim"]
[WhiteFideId "4144074"]
[BlackFideId "4102924"]
[WhiteElo "2281"]
[BlackElo "2513"]
[Result "0-1"]
[Round "3"]
[TimeControl "180+2"]
[Date "2023.07.04"]
[WhiteClock "0:01:21"]
[BlackClock "0:01:29"]
[Board "127"]

1. f4 g6 2. Nf3 Bg7 3. d3 b6 4. e4 Bb7 5. Be2 d6 6. O-O Nd7 7. Nc3 e6 8. Qe1 Ne7 9. Qh4 h6 10. Bd2 c5 11. Rae1 a6 12. Nd1 b5 13. Bc3 Nc6 14. Qg3 Nd4 15. Nxd4 cxd4 16. Bd2 Rc8 17. c3 Qb6 18. Kh1 O-O 19. cxd4 Rc2 20. Be3 Bxd4 21. f5 exf5 22. Bxh6 fxe4 23. Bxf8 Nxf8 24. dxe4 Bxe4 25. Bd3 Bxg2+ 26. Qxg2 Rxg2 27. Kxg2 Ne6 28. Re4 Be5 29. Bc2 Qc5 30. Ne3 Kg7 31. Bb3 Ng5 32. Ng4 Qc6 0-1


[Site "https://www.chess.com"]

[Event "Titled Tuesday Blitz July 4 Late 2023"]
[White "Womacka, Mathias"]
[Black "rionelG"]
[WhiteFideId "4611390"]
[WhiteElo "2511"]
[BlackElo "2274"]
[Result "1-0"]
[Round "3"]
[TimeControl "180+2"]
[Date "2023.07.04"]
[WhiteClock "0:00:41"]
[BlackClock "0:00:00"]
[Board "128"]

1. e4 c5 2. Nf3 d6 3. d4 cxd4 4. Nxd4 Nf6 5. Nc3 a6 6. Be2 e5 7. Nb3 Be7 8. O-O Be6 9. f4 Qc7 10. Kh1 Nbd7 11. g4 exf4 12. g5 Ng8 13. Bxf4 h6 14. g6 fxg6 15. Bg4 Bf7 16. Nd5 Bxd5 17. exd5 O-O-O 18. Nd4 Qb6 19. Ne6 Ngf6 20. Nxd8 Bxd8 21. Be6 Qxb2 22. Bxd6 Qb6 23. Bg3 Bc7 24. Rb1 Qc5 25. d6 Bb6 26. Qf3 Re8 27. Bxd7+ Nxd7 28. Bf2 Qxd6 29. Rfd1 Qc7 30. Rxd7 Kxd7 31. Bxb6 Qc6 32. Qxc6+ Kxc6 33. Bd4 Re2 34. Rb6+ Kd5 35. c3 Rxa2 36. Rxb7 a5 37. Rxg7 a4 38. Rxg6 a3 39. Ra6 Kc4 40. Bg7 h5 41. Bf8 Kb3 42. c4 Kxc4 43. Rxa3 Rf2 44. Bd6 Rf6 45. Bg3 1-0


[Site "https://www.chess.com"]

[Event "Titled Tuesday Blitz July 4 Late 2023"]
[White "Tsyhanchuk, Stanislav"]
[Black "musclemonster12"]
[WhiteFideId "13505130"]
[WhiteElo "2248"]
[BlackElo "2510"]
[Result "0-1"]
[Round "3"]
[TimeControl "180+2"]
[Date "2023.07.04"]
[WhiteClock "0:00:00"]
[BlackClock "0:00:50"]
[Board "129"]

1. c4 c6 2. Nc3 d5 3. e3 Nf6 4. Nf3 e6 5. b3 Bd6 6. Bb2 O-O 7. d4 b6 8. Bd3 Bb7 9. O-O Nbd7 10. Ne2 Rc8 11. Rc1 Re8 12. Ne5 Bxe5 13. dxe5 Ng4 14. cxd5 cxd5 15. Bb5 Re7 16. Bxd7 Rxd7 17. Rxc8 Qxc8 18. h3 Nh6 19. Nd4 Ba6 20. Re1 Rc7 21. Ba3 Rc3 22. Bb4 Rc7 23. Qf3 Bd3 24. Kh2 Nf5 25. Bd6 Rc3 26. Nxf5 Bxf5 27. Qf4 h6 28. Re2 Kh7 29. Qd4 Rc1 30. Bb4 Qc7 31. f4 Be4 32. Rd2 Rf1 33. Ba3 Qc6 34. Bb2 Qb5 35. Rd1 Qe2 0-1


[Site "https://www.chess.com"]

[Event "Titled Tuesday Blitz July 4 Late 2023"]
[White "Mazarini41"]
[Black "Kovacevic, Radmila"]
[BlackFideId "933171"]
[WhiteElo "2507"]
[BlackElo "2238"]
[Result "1-0"]
[Round "3"]
[TimeControl "180+2"]
[Date "2023.07.04"]
[WhiteClock "0:01:39"]
[BlackClock "0:00:09"]
[Board "130"]

1. c4 e5 2. g3 d5 3. cxd5 Qxd5 4. Nf3 e4 5. Nc3 Qf5 6. Nd4 Qe5 7. Nc2 Bf5 8. Bg2 Nc6 9. O-O O-O-O 10. Ne3 Bg6 11. Qa4 f5 12. d3 Nf6 13. dxe4 Nxe4 14. Nxe4 fxe4 15. Rb1 Rd4 16. Qc2 Nb4 17. Qb3 Na6 18. a3 Nc5 19. Qc2 Be7 20. b4 Ne6 21. Bb2 Bg5 22. Bh3 Re8 23. Rbd1 Rxd1 24. Bxe5 Rxf1+ 25. Kxf1 c6 26. b5 Bxe3 27. fxe3 Kd7 28. bxc6+ bxc6 29. Qd2+ Ke7 30. Qd6+ Kf7 31. Qd7+ Re7 32. Bxe6+ 1-0


[Site "https://www.chess.com"]

[Event "Titled Tuesday Blitz July 4 Late 2023"]
[White "rikchessmx"]
[Black "Kanyamarala, Tarun"]
[BlackFideId "45004714"]
[WhiteElo "2232"]
[BlackElo "2506"]
[Result "0-1"]
[Round "3"]
[TimeControl "180+2"]
[Date "2023.07.04"]
[WhiteClock "0:00:49"]
[BlackClock "0:01:03"]
[Board "131"]

1. e4 c5 2. Nf3 e6 3. d4 cxd4 4. Nxd4 a6 5. Nc3 b5 6. Bd3 Bb7 7. Qe2 Nc6 8. Nxc6 Bxc6 9. a3 Bc5 10. O-O Ne7 11. Be3 Bxe3 12. Qxe3 d6 13. Rad1 Qc7 14. f4 f6 15. Qh3 e5 16. Rd2 Bd7 17. Qg3 O-O 18. Rdf2 Be6 19. f5 Bc4 20. Qh4 Qc5 21. Kh1 Bxd3 22. cxd3 a5 23. Rf3 Rf7 24. Rh3 h6 25. Qg4 Kf8 26. Rc1 Rc8 27. Qd1 Qf2 28. Nxb5 Qxb2 29. Rxc8+ Nxc8 30. d4 Qxb5 31. dxe5 fxe5 32. Rc3 Qd7 33. Qd5 Kg8 34. Qxa5 Kh7 35. h3 Ne7 36. a4 Ng8 37. Qb6 Nf6 38. Qe3 Qxa4 0-1


[Site "https://www.chess.com"]

[Event "Titled Tuesday Blitz July 4 Late 2023"]
[White "Zeltsan, Joseph"]
[Black "Cooper, Aaron"]
[WhiteFideId "30932980"]
[BlackFideId "2634945"]
[WhiteElo "2505"]
[BlackElo "2204"]
[Result "1-0"]
[Round "3"]
[TimeControl "180+2"]
[Date "2023.07.04"]
[WhiteClock "0:00:41"]
[BlackClock "0:00:00"]
[Board "132"]

1. d4 Nf6 2. c4 e6 3. Nf3 d5 4. Nc3 Be7 5. Bg5 c6 6. e3 Nbd7 7. Qc2 O-O 8. Bd3 dxc4 9. Bxc4 b5 10. Bd3 Bb7 11. O-O b4 12. Na4 c5 13. Bxf6 Nxf6 14. Nxc5 Bxf3 15. gxf3 Rc8 16. Rac1 Qd5 17. Be4 Qg5+ 18. Kh1 Nxe4 19. Qxe4 Bxc5 20. Rg1 Qh5 21. dxc5 Rxc5 22. Rxg7+ Kxg7 23. Qd4+ e5 24. Qxc5 Qxf3+ 25. Kg1 Rg8 26. Kf1 Kh6 27. Qc6+ Qxc6 28. Rxc6+ Rg6 29. Rc7 Ra6 30. a3 bxa3 31. bxa3 Rxa3 32. Rxf7 Kg6 33. Re7 Ra5 34. Kg2 h5 35. Kf3 Kf6 36. Rh7 Kg6 37. Rb7 Ra4 38. Re7 Kf6 39. Rh7 Kg6 40. Rc7 Kf5 41. Rf7+ Kg6 42. Rf8 a5 43. Re8 Kf5 44. e4+ Kf6 45. Rf8+ Ke6 46. Rh8 Ra3+ 47. Kg2 Ra4 48. f3 Ra2+ 49. Kg3 a4 50. Rxh5 a3 51. Rh6+ Kf7 52. Ra6 Ke7 53. h4 Kf7 54. Kg4 Rg2+ 55. Kf5 a2 56. Ra7+ Kg8 57. Kxe5 Rh2 58. f4 Rxh4 59. Rxa2 Rh5+ 60. f5 Kf8 61. Ke6 Rh6+ 62. f6 Kg8 63. e5 Kh8 64. Ke7 1-0


[Site "https://www.chess.com"]

[Event "Titled Tuesday Blitz July 4 Late 2023"]
[White "Zhang, Derek"]
[Black "Torres Dominguez, David"]
[WhiteFideId "2087871"]
[BlackFideId "2220857"]
[WhiteElo "2502"]
[BlackElo "2159"]
[Result "1-0"]
[Round "3"]
[TimeControl "180+2"]
[Date "2023.07.04"]
[WhiteClock "0:01:12"]
[BlackClock "0:00:00"]
[Board "133"]

1. Nf3 d5 2. c4 d4 3. b4 f6 4. e3 dxe3 5. fxe3 e5 6. Nxe5 fxe5 7. Qh5+ Ke7 8. Qxe5+ Be6 9. c5 Nc6 10. Qg5+ Nf6 11. b5 h6 12. Qf4 g5 13. Qa4 Ne5 14. d4 Ng6 15. Ba3 Bd5 16. Nc3 Kf7 17. e4 Bxe4 18. Nxe4 Nxe4 19. Bc4+ Kg7 20. O-O Qxd4+ 21. Kh1 Nf2+ 22. Rxf2 Qxf2 23. Rf1 Qxf1+ 24. Bxf1 Be7 25. Qe4 Rhf8 26. Bd3 1-0


[Site "https://www.chess.com"]

[Event "Titled Tuesday Blitz July 4 Late 2023"]
[White "Mattheii"]
[Black "Osmonbekov, Talaibek"]
[BlackFideId "2017253"]
[WhiteElo "2502"]
[BlackElo "2149"]
[Result "1-0"]
[Round "3"]
[TimeControl "180+2"]
[Date "2023.07.04"]
[WhiteClock "0:00:21"]
[BlackClock "0:00:10"]
[Board "134"]

1. d4 e6 2. c4 f5 3. Nc3 Bb4 4. Bd2 Nf6 5. g3 O-O 6. Bg2 d6 7. Nf3 Nc6 8. a3 Bxc3 9. Bxc3 Ne4 10. Qc2 Nxc3 11. Qxc3 Qf6 12. O-O e5 13. dxe5 dxe5 14. Rad1 a5 15. b4 axb4 16. axb4 e4 17. Nd4 Nxd4 18. Rxd4 Ra3 19. Qb2 Be6 20. Rfd1 Rfa8 21. Qd2 Ra2 22. Qf4 Ra1 23. Qe3 f4 24. Qxe4 Rxd1+ 25. Rxd1 Ra1 26. Qd3 Bxc4 27. Qxc4+ Kf8 28. Rxa1 Qxa1+ 29. Bf1 fxg3 30. hxg3 Qe5 31. Qf4+ Qxf4 32. gxf4 Ke7 33. e4 Kd6 34. Bc4 b6 35. e5+ Ke7 36. Kg2 c5 37. b5 h6 38. f5 1-0


[Site "https://www.chess.com"]

[Event "Titled Tuesday Blitz July 4 Late 2023"]
[White "Martinez Reyes, Pedro Ramon"]
[Black "Sailer, Mike"]
[WhiteFideId "3901807"]
[BlackFideId "2012901"]
[WhiteElo "2499"]
[BlackElo "2136"]
[Result "1-0"]
[Round "3"]
[TimeControl "180+2"]
[Date "2023.07.04"]
[WhiteClock "0:00:49"]
[BlackClock "0:00:00"]
[Board "135"]

1. e4 d5 2. exd5 Qxd5 3. Nc3 Qd6 4. g3 Nf6 5. Bg2 c6 6. Nf3 Bf5 7. O-O e6 8. b4 a6 9. a4 Be7 10. Ba3 Qd8 11. Nh4 Bg4 12. Qb1 Nd5 13. Nf3 Nxc3 14. dxc3 O-O 15. h3 Bh5 16. Ne5 Qc7 17. Re1 Nd7 18. Nd3 Nf6 19. Qb3 Rfd8 20. Bc1 Bg6 21. Ne5 Nd5 22. h4 Bd6 23. Nc4 Bxg3 24. fxg3 Qxg3 25. Be3 Be4 26. Re2 Qxh4 27. Bf2 Qg5 28. Rxe4 Nf4 29. Rxf4 Qxf4 30. Nb6 Rd2 31. Rf1 Rad8 32. Qc4 Qg5 33. Qc5 Qg6 34. Nc4 Rxc2 35. Ne5 Qg5 36. Nf3 Qg6 37. Qe7 1-0


[Site "https://www.chess.com"]

[Event "Titled Tuesday Blitz July 4 Late 2023"]
[White "only_strong_moves"]
[Black "Curtis, John"]
[BlackFideId "3200256"]
[WhiteElo "2496"]
[BlackElo "2114"]
[Result "1-0"]
[Round "3"]
[TimeControl "180+2"]
[Date "2023.07.04"]
[WhiteClock "0:00:52"]
[BlackClock "0:00:07"]
[Board "136"]

1. d4 Nf6 2. c4 e6 3. Nf3 d5 4. Nc3 c5 5. cxd5 exd5 6. g3 Nc6 7. Bg2 cxd4 8. Nxd4 Bc5 9. Nxc6 bxc6 10. O-O O-O 11. Na4 Bd6 12. Be3 Re8 13. Qd3 a5 14. Rfe1 Ba6 15. Qc2 Bb5 16. Nc3 Rxe3 17. Nxb5 cxb5 18. fxe3 Qe7 19. Qd3 Bc5 20. Bf3 b4 21. Kg2 Bxe3 22. Rad1 Rd8 23. Qb5 d4 24. Qxa5 g6 25. Rd3 Kg7 26. Red1 Re8 27. Rxd4 h6 28. Qxb4 Bxd4 29. Qxe7 Rxe7 30. Rxd4 g5 31. b4 h5 32. h3 Rc7 33. a4 Rc2 34. Kf2 Rb2 35. b5 Ra2 36. b6 Kf8 37. b7 1-0


[Site "https://www.chess.com"]

[Event "Titled Tuesday Blitz July 4 Late 2023"]
[White "Vargas, Mauricio"]
[Black "Dixit, Nikhil"]
[WhiteFideId "4404572"]
[BlackFideId "5059534"]
[WhiteElo "1881"]
[BlackElo "2493"]
[Result "0-1"]
[Round "3"]
[TimeControl "180+2"]
[Date "2023.07.04"]
[WhiteClock "0:00:00"]
[BlackClock "0:00:24"]
[Board "137"]

1. e4 c5 2. Nc3 e5 3. f4 exf4 4. Nf3 Nc6 5. Bc4 g5 6. d3 g4 7. O-O gxf3 8. Qxf3 Qh4 9. Bxf4 Nd4 10. Qd1 Ne6 11. Bg3 Qg5 12. Nd5 Bg7 13. Qf3 Nh6 14. Nc7+ Kd8 15. Nxe6+ fxe6 16. Kh1 Rf8 17. Qe2 Rxf1+ 18. Rxf1 Ke8 19. Qf2 Qg6 20. Bf4 Nf7 21. c3 a6 22. Bb3 b5 23. Bc2 d6 24. d4 cxd4 25. e5 Qh5 0-1


[Site "https://www.chess.com"]

[Event "Titled Tuesday Blitz July 4 Late 2023"]
[White "Gyulamiryan-koryun"]
[Black "Silva, Caio Henrique Angelico"]
[BlackFideId "22777210"]
[WhiteElo "1722"]
[BlackElo "2490"]
[Result "0-1"]
[Round "3"]
[TimeControl "180+2"]
[Date "2023.07.04"]
[WhiteClock "0:00:34"]
[BlackClock "0:00:56"]
[Board "138"]

1. e4 c6 2. Nc3 d5 3. Nf3 Bg4 4. h3 Bxf3 5. Qxf3 e6 6. exd5 cxd5 7. Bb5+ Nc6 8. O-O Nf6 9. Re1 Be7 10. d3 O-O 11. a3 Nd4 12. Qd1 a6 13. Ba4 b5 14. Bb3 Nxb3 15. cxb3 Rc8 16. Bf4 Bd6 17. Be5 Bxe5 18. Rxe5 Nd7 19. Re1 Qf6 20. Qd2 Ne5 21. f4 Nc6 22. Ne2 Rc7 23. Rac1 Rfc8 24. Rc5 Nd4 25. Rxc7 Nxe2+ 26. Rxe2 Qd4+ 27. Qe3 Qxe3+ 28. Rxe3 Rxc7 29. Kf2 Kf8 30. Re2 Ke7 31. d4 Kd6 32. Ke3 Rc1 33. Kd3 Rf1 34. g3 Rg1 35. g4 f6 36. Rf2 Rg3+ 37. Kc2 Rxh3 38. f5 Rg3 39. Re2 e5 40. dxe5+ fxe5 41. Rh2 Rxg4 42. Rxh7 Kc5 43. Rh8 Kd4 44. Rg8 Rg2+ 45. Kb1 Rf2 46. Rxg7 Rxf5 47. Rg6 Rf1+ 48. Kc2 Rf2+ 49. Kc1 e4 50. Rxa6 Kd3 51. a4 Rf1# 0-1


[Site "https://www.chess.com"]

[Event "Titled Tuesday Blitz July 4 Late 2023"]
[White "Koc, Przemyslaw"]
[Black "Martinez Ramirez, Lennis"]
[WhiteFideId "1109081"]
[BlackFideId "3509079"]
[WhiteElo "2442"]
[BlackElo "2614"]
[Result "1-0"]
[Round "3"]
[TimeControl "180+2"]
[Date "2023.07.04"]
[WhiteClock "0:00:37"]
[BlackClock "0:00:00"]
[Board "139"]

1. d4 c5 2. c3 Nf6 3. Nf3 d5 4. e3 Nc6 5. Bd3 Bg4 6. Nbd2 a6 7. h3 Bh5 8. O-O e6 9. Qc2 Bg6 10. dxc5 Bxc5 11. b4 Bd6 12. Bb2 Rc8 13. a3 O-O 14. Bxg6 hxg6 15. c4 e5 16. Qb3 e4 17. Nd4 Qe7 18. cxd5 Ne5 19. Rac1 Nd3 20. Rxc8 Rxc8 21. Ba1 Qe5 22. N4f3 Qf5 23. Nd4 Qe5 24. N4f3 Qe8 25. Nd4 g5 26. Nf5 Bf8 27. Bxf6 gxf6 28. Ng3 f5 29. Nxf5 Qe5 30. Ng3 f5 31. f4 gxf4 32. exf4 Qd4+ 33. Kh2 Rc3 34. Qd1 Nf2 35. Qh5 Qxd2 36. Qg6+ Bg7 37. Nxf5 Rxh3+ 38. gxh3 Ng4+ 39. Kg3 Qh2+ 40. Kxg4 Qg2+ 41. Ng3 e3 42. Qe6+ Kh7 43. Qxe3 Qb2 44. d6 Bf6 45. d7 1-0


[Site "https://www.chess.com"]

[Event "Titled Tuesday Blitz July 4 Late 2023"]
[White "Buchenau, Frank"]
[Black "Pasti, Aron"]
[WhiteFideId "4604350"]
[BlackFideId "785857"]
[WhiteElo "2429"]
[BlackElo "2557"]
[Result "1-0"]
[Round "3"]
[TimeControl "180+2"]
[Date "2023.07.04"]
[WhiteClock "0:01:20"]
[BlackClock "0:00:00"]
[Board "140"]

1. e4 e5 2. Bc4 Nf6 3. d3 Nc6 4. Nf3 Bc5 5. O-O O-O 6. c3 d5 7. exd5 Nxd5 8. Re1 Bg4 9. h3 Bh5 10. b4 Bb6 11. b5 Na5 12. Rxe5 Nf6 13. Nbd2 Nxc4 14. Nxc4 Qd7 15. Bg5 Nd5 16. Bd2 Bg6 17. d4 Bd3 18. Nb2 Bg6 19. c4 Nf6 20. c5 Qxb5 21. Qb3 Qxb3 22. axb3 Nd7 23. Re7 Nxc5 24. dxc5 Bxc5 25. Rxc7 Bb6 26. Rxb7 Be4 27. Re7 Bxf3 28. gxf3 Bd4 29. Ra2 Rac8 30. Nc4 Rfd8 31. Be3 Bxe3 32. fxe3 Rd1+ 33. Kf2 Rb1 34. Raxa7 Rxb3 35. Nd6 Rc2+ 36. Kg3 h6 37. Rxf7 Rbb2 38. Rxg7+ Kh8 39. Rh7+ Kg8 40. Rag7+ Kf8 41. Rf7+ Kg8 42. e4 Rg2+ 43. Kf4 Rb6 44. Nf5 1-0


[Site "https://www.chess.com"]

[Event "Titled Tuesday Blitz July 4 Late 2023"]
[White "Kochiev, Ivan"]
[Black "Lalanne, Pablo"]
[WhiteFideId "2917890"]
[BlackFideId "112151"]
[WhiteElo "2539"]
[BlackElo "2428"]
[Result "1-0"]
[Round "3"]
[TimeControl "180+2"]
[Date "2023.07.04"]
[WhiteClock "0:00:07"]
[BlackClock "0:00:08"]
[Board "141"]

1. e4 c5 2. Nf3 d6 3. d4 cxd4 4. Nxd4 Nf6 5. f3 e5 6. Nb3 Be6 7. c4 Nbd7 8. Nc3 Rc8 9. Nd5 b5 10. cxb5 Bxd5 11. exd5 Nb6 12. Be2 Be7 13. Bg5 Nbxd5 14. O-O Qb6+ 15. Kh1 Ne3 16. Bxe3 Qxe3 17. Na5 d5 18. Nc6 Bd6 19. Bc4 Qc5 20. Bd3 O-O 21. Rc1 Qe3 22. Re1 Qh6 23. Bf5 Rc7 24. Bh3 e4 25. Rc3 Qf4 26. g3 Qh6 27. Kg2 exf3+ 28. Rxf3 a6 29. Nd4 Bb4 30. Ref1 Qd2+ 31. Qxd2 Bxd2 32. bxa6 Rc4 33. Nf5 Rb8 34. b3 Rc2 35. R1f2 Ne4 36. Re2 g6 37. Ne7+ Kf8 38. Nxd5 Rd8 39. Nb4 Rb2 40. Rxe4 Bxb4+ 41. Rf2 Rxf2+ 42. Kxf2 Rd2+ 43. Re2 Rxe2+ 44. Kxe2 Bc5 45. a3 Ke7 46. b4 Ba7 47. Kd3 Kd6 48. Kc4 Kc6 49. a4 Kb6 50. Bc8 f5 51. a5+ Kc7 52. Be6 Bg1 53. h3 Bh2 54. g4 f4 55. b5 Bg1 56. Bd5 g5 57. b6+ Bxb6 58. axb6+ Kxb6 59. Bb7 f3 60. Kd3 f2 61. Ke2 h6 62. Kxf2 Ka7 63. Ke3 Kb6 64. Ke4 Ka7 65. Kf5 1-0


[Site "https://www.chess.com"]

[Event "Titled Tuesday Blitz July 4 Late 2023"]
[White "micke12a"]
[Black "Belov, Alexei"]
[BlackFideId "4128206"]
[WhiteElo "2379"]
[BlackElo "2517"]
[Result "0-1"]
[Round "3"]
[TimeControl "180+2"]
[Date "2023.07.04"]
[WhiteClock "0:00:10"]
[BlackClock "0:00:49"]
[Board "142"]

1. d4 e6 2. e4 d5 3. exd5 exd5 4. Bd3 Nf6 5. h3 c5 6. dxc5 Bxc5 7. Nf3 O-O 8. O-O Nc6 9. a3 Re8 10. b4 Bb6 11. Bb2 Ne4 12. Nc3 Qf6 13. Nxe4 Qxb2 14. Nd6 Re7 15. Nxc8 Rxc8 16. Bf5 Rd8 17. Qd3 g6 18. Bg4 h5 19. Bxh5 gxh5 20. Qf5 Qg7 21. Qxh5 Qg6 22. Qh4 Re4 23. g4 Rde8 24. Rad1 Ne5 25. Ng5 Bd8 26. f4 Rxf4 27. Rxf4 Bxg5 28. Qg3 Bxf4 29. Qxf4 Qxc2 30. Rxd5 Ng6 31. Qf2 Qb1+ 32. Kg2 Qe4+ 33. Qf3 Nh4+ 34. Kg3 Qxf3+ 0-1


[Site "https://www.chess.com"]

[Event "Titled Tuesday Blitz July 4 Late 2023"]
[White "marik_spb"]
[Black "Coelho, Ramyres Santana"]
[BlackFideId "2120690"]
[WhiteElo "2500"]
[BlackElo "2305"]
[Result "1-0"]
[Round "3"]
[TimeControl "180+2"]
[Date "2023.07.04"]
[WhiteClock "0:00:48"]
[BlackClock "0:00:14"]
[Board "143"]

1. d4 Nf6 2. c4 g6 3. Nc3 d5 4. cxd5 Nxd5 5. e4 Nxc3 6. bxc3 Bg7 7. Be3 O-O 8. Nf3 c5 9. Be2 cxd4 10. cxd4 Nc6 11. O-O Bg4 12. d5 Bxa1 13. Qxa1 Bxf3 14. Bxf3 Na5 15. Bh6 f6 16. Bxf8 Kxf8 17. e5 Rc8 18. Rc1 Rxc1+ 19. Qxc1 fxe5 20. Qh6+ Kg8 21. h4 Qf8 22. Qe3 b6 23. Qxe5 Qf6 24. Qb8+ Kg7 25. Qxa7 Qxh4 26. Qxb6 Nc4 27. Qe6 Nd6 28. g3 Qg5 29. a4 Qc1+ 30. Kg2 Qc7 31. Qe5+ Kg8 32. Bg4 Qd8 33. Be6+ Nf7 34. Qf4 Qf8 35. Qxf7+ Qxf7 36. a5 Qxe6 37. dxe6 Kg7 38. a6 Kf6 39. a7 Kxe6 40. a8=Q h6 41. Qg8+ Kf6 42. Qf8+ Kg5 43. Qxe7+ Kh5 44. Qh4# 1-0


[Site "https://www.chess.com"]

[Event "Titled Tuesday Blitz July 4 Late 2023"]
[White "Ardila, Oscar Humberto"]
[Black "Reprintsev, Alexander"]
[WhiteFideId "4404742"]
[BlackFideId "14100541"]
[WhiteElo "2304"]
[BlackElo "2492"]
[Result "1-0"]
[Round "3"]
[TimeControl "180+2"]
[Date "2023.07.04"]
[WhiteClock "0:00:48"]
[BlackClock "0:00:00"]
[Board "144"]

1. d4 d5 2. c4 e5 3. dxe5 d4 4. Nf3 Nc6 5. g3 Nge7 6. Bg2 Ng6 7. O-O Ngxe5 8. Nxe5 Nxe5 9. Nd2 Be7 10. Nf3 Nxf3+ 11. Bxf3 Bh3 12. Re1 c6 13. b3 O-O 14. Bb2 Bf6 15. Qd2 Qb6 16. Rad1 Rad8 17. Qf4 Qa5 18. a4 Bg5 19. b4 Qxb4 20. Qxg5 Qxb2 21. g4 f5 22. gxf5 Bxf5 23. Kh1 Bg6 24. Rg1 Qb4 25. Rb1 Qxb1 26. Rxb1 Bxb1 27. Qc1 Bg6 28. Qb2 Rd7 29. Bg4 Rdd8 30. Qxb7 Rxf2 31. Kg1 Rf4 32. Bf3 Rxf3 33. exf3 d3 34. Qc7 Re8 35. Qxc6 h6 36. Qd5+ Kh7 37. c5 Re1+ 38. Kf2 Re2+ 39. Kg3 Rc2 40. c6 d2 41. c7 Rxc7 42. Qxd2 Rc4 43. a5 a6 44. Qd5 Ra4 45. Qc5 Ra1 46. h4 1-0


[Site "https://www.chess.com"]

[Event "Titled Tuesday Blitz July 4 Late 2023"]
[White "Han, Yichen"]
[Black "Saucey, Michel"]
[WhiteFideId "1054430"]
[BlackFideId "601845"]
[WhiteElo "2470"]
[BlackElo "2274"]
[Result "1-0"]
[Round "3"]
[TimeControl "180+2"]
[Date "2023.07.04"]
[WhiteClock "0:02:10"]
[BlackClock "0:00:00"]
[Board "145"]

1. d4 d5 2. Nf3 e6 3. c4 Nf6 4. Nc3 Bb4 5. Qb3 c5 6. dxc5 Nc6 7. Bg5 h6 8. Bxf6 Qxf6 9. cxd5 exd5 10. e3 Be6 11. Bb5 O-O 12. Bxc6 Bxc3+ 13. Qxc3 Qxc3+ 14. bxc3 bxc6 15. Nd4 Bd7 16. Kd2 Rab8 17. Rab1 g6 18. Kd3 Kg7 19. c4 dxc4+ 20. Kxc4 Kf6 21. a4 Rfc8 22. a5 Be6+ 23. Nxe6 Kxe6 24. Rhd1 g5 25. Rxb8 Rxb8 26. Rd6+ Ke7 27. Rxc6 Rb2 28. Rc7+ Ke6 29. Rxa7 Rxf2 30. Ra6+ Ke7 31. Rxh6 Rxg2 32. a6 Ra2 33. Kb5 f5 34. Kb6 Rb2+ 35. Kc7 Ra2 36. c6 f4 37. exf4 gxf4 38. Rh4 f3 39. Rf4 f2 40. h4 Ke6 41. h5 Ke5 42. Rf8 Ke4 43. h6 Ke3 44. h7 1-0


[Site "https://www.chess.com"]

[Event "Titled Tuesday Blitz July 4 Late 2023"]
[White "Baches Garcia, Guillermo"]
[Black "Broca Jimenez, Fernando"]
[WhiteFideId "2209764"]
[BlackFideId "5104742"]
[WhiteElo "2465"]
[BlackElo "2265"]
[Result "1-0"]
[Round "3"]
[TimeControl "180+2"]
[Date "2023.07.04"]
[WhiteClock "0:00:36"]
[BlackClock "0:00:00"]
[Board "146"]

1. e4 e5 2. Nf3 Nc6 3. Nc3 Nf6 4. d4 exd4 5. Nxd4 Bb4 6. Nxc6 bxc6 7. Bd3 Qe7 8. O-O O-O 9. Qf3 d5 10. exd5 Bxc3 11. bxc3 cxd5 12. Bg5 c6 13. Rfe1 Qd6 14. c4 dxc4 15. Bxc4 Nd5 16. Rad1 Be6 17. Bb3 Qc5 18. h3 Nc7 19. Be3 Qc3 20. Qf4 Bxb3 21. cxb3 Nd5 22. Qg3 Nxe3 23. Qxe3 Qxe3 24. Rxe3 Rfd8 25. Rc1 Rac8 26. Re7 a5 27. Ra7 Rd5 28. Kf1 Kf8 29. Rc4 Rb5 30. Rf4 f6 31. Rg4 g5 32. Rd4 Rd5 33. Rc4 c5 34. Rxh7 Kg8 35. Ra7 Re8 36. g3 Rd2 37. Rxc5 Ree2 38. Rc8+ 1-0


[Site "https://www.chess.com"]

[Event "Titled Tuesday Blitz July 4 Late 2023"]
[White "Luong Phuong Hanh"]
[Black "SicilianPanzer"]
[WhiteFideId "12401013"]
[WhiteElo "2456"]
[BlackElo "2241"]
[Result "1-0"]
[Round "3"]
[TimeControl "180+2"]
[Date "2023.07.04"]
[WhiteClock "0:01:27"]
[BlackClock "0:01:37"]
[Board "147"]

1. d4 Nf6 2. Nf3 c5 3. d5 e6 4. Nc3 exd5 5. Nxd5 Nxd5 6. Qxd5 Be7 7. e4 O-O 8. Bc4 d6 9. Qd1 Nc6 10. O-O Be6 11. Be2 d5 12. exd5 Bxd5 13. c3 Bf6 14. Be3 Qa5 15. Qxd5 1-0


[Site "https://www.chess.com"]